 Dungeon Crawl Stone Soup version 0.31.0-12-g77e489cdc1 (webtiles) character file.

Game seed: 13065578124590641336

695 Cheops the Changeling (level 7, 0/43 HPs)
             Began as an Octopode Shapeshifter on Feb 24, 2024.
             Slain by a gnoll
             ... wielding a +0 halberd
              (16 damage)
             ... on level 5 of the Dungeon.
             The game lasted 00:06:28 (4273 turns).

Cheops the Changeling (Octopode Shapeshifter)       Turns: 4273, Time: 00:06:28

Health: 0/43       AC:  1    Str: 15    XL:     7   Next: 64%
Magic:  7/7        EV: 17    Int: 13    God:
Gold:   190        SH:  0    Dex: 11    Spells: 6/6 levels left

rFire   . .          .
                       - Unarmed
rCold   . . .        (shield currently unavailable)
rNeg    . . .        (helmet restricted)
rPois   +            (no amulet)
rElec   .            n - ring of poison resistance
rCorr   .            (no ring)
SInv    .            (no ring)
Will    .....        (no ring)
Stlth   +            (no ring)
HPRegen 0.27/turn    (no ring)
MPRegen 0.10/turn    (no ring)
                     (no ring)

%: no passive effects
@: flux-form, glowing
A: glow, contaminating, almost no armour, amphibious, 8 rings, camouflage 1,
gelatinous body 1, (nimble swimmer 1), tentacles
a: Begin Untransformation


You were on level 5 of the Dungeon.
You were something dangerously unstable.
You visited 1 branch of the dungeon, and saw 5 of its levels.

You collected 190 gold pieces.

Inventory:

Jewellery
 i - a ring of ice
 n - a ring of poison resistance (left tentacle)
Talismans
 A - a beast talisman
 B - a flux talisman (active)
Wands
 j - a wand of mindburst (6)
Scrolls
 c - a scroll of fear {unknown}
 d - 4 scrolls of vulnerability {unknown}
 e - 2 scrolls of noise {unknown}
 f - a scroll of torment {unknown}
 g - 3 scrolls of identify {unknown}
 h - 3 scrolls of enchant armour {unknown}
 k - 4 scrolls of teleportation {unknown}
 m - 4 scrolls of poison {unknown}
Potions
 a - 5 potions of lignification
 b - a potion of heal wounds {unknown}
 l - 3 potions of curing {unknown}


   Skills:
 - Level 1.0 Fighting
 - Level 2.0 Dodging
 - Level 5.0 Unarmed Combat
 + Level 7.1 Shapeshifting


You had 6 spell levels left.
You didn't know any spells.
Your spell library contained the following spells:

 Spells                   Type           Power      Damage    Failure   Level
 Apportation              Tloc           0%         N/A       30%         1
 Necrotise                Necr           0%         1d4       30%         1
 Sting                    Conj/Alch      0%         1d3       30%         1
 Summon Small Mammal      Summ           0%         N/A       30%         1
 Call Canine Familiar     Summ           0%         N/A       67%         3
 Hailstorm                Conj/Ice       0%         3d5       67%         3
 Summon Ice Beast         Ice/Summ       0%         N/A       67%         3
 Summon Blazeheart Golem  Fire/Summ      0%         N/A       97%         4
 Sculpt Simulacrum        Ice/Alch       0%         N/A       100%        6


Dungeon Overview and Level Annotations

Branches:
Dungeon (5/15)
 Temple: D:4-7

Altars:
Hepliaklqana
Qazlal
Sif Muna
Zin
The Shining One


Innate Abilities, Weirdness & Mutations

You are something dangerously unstable.
You glow with magical radiation, making you easy to see and hit.
Foes you strike become dangerously contaminated with magical radiation.
You are incapable of wielding weapons or throwing items.
You cannot wear most types of armour.
You are amphibious.
You can wear up to eight rings at the same time.
Your skin changes colour to match your surroundings (Stealth+).
Your rubbery body absorbs attacks. (AC +1, EV +1)
((You are camouflaged when in or above water. (Stealth+)))
You have tentacles for arms and can constrict up to eight enemies at once.


Message History

Okay, then.
You tentacle-slap the adder but do no damage.
The adder glows dangerously bright.
Your grab misses the adder. You squeeze the adder.
The adder is almost dead.
The adder closely misses you.
You tentacle-slap the adder.
You kill the adder!
You tentacle-slap the gnoll.
The gnoll begins to glow.
Your grab misses the gnoll.
The gnoll is lightly wounded.
The gnoll completely misses you.
Unknown command.
You tentacle-slap the gnoll.
The gnoll glows dangerously bright.
Your grab misses the gnoll.
The gnoll is moderately wounded.
The gnoll misses you.
You tentacle-slap the gnoll.
The gnoll shudders as magic cascades through it!!
You kill the gnoll!
The gnoll misses you. The gnoll misses you. The gnoll closely misses you.
Things that are here:
a +0 whip; a gnoll corpse; an adder corpse Unknown command.
You tentacle-slap the gnoll.
The gnoll begins to glow.
Your grab misses the gnoll. You squeeze the gnoll.
The gnoll is moderately wounded.
The gnoll hits you from afar with a +0 spear.
* * * LOW HITPOINT WARNING * * *
The gnoll hits you with a +0 halberd.
* * * LOW HITPOINT WARNING * * *
You tentacle-slap the gnoll but do no damage.
The gnoll glows dangerously bright.
Your grab misses the gnoll. You squeeze the gnoll.
The gnoll is heavily wounded.
The gnoll hits you from afar with a +0 spear.
* * * LOW HITPOINT WARNING * * *
The gnoll hits you with a +0 halberd!
You die...

........#.. ........#.#
........#.# ........#.#####
...........)..g ..).......#
..####.g..# ##g#.#####..# .#
#p#........# ### ... #.#######.#.
..# #.# ##'## #.# #.# ##...## #.#
##.# ##.....## ####.# ##..#
#.......## ##.##.#
#####...####.........####...#.##
...........+.........'.......#.##
#####...####.........####...###.#


You could see 2 gnolls.

Vanquished Creatures
  2 black bears
  An ogre (D:4)
  A hound (D:5)
  Crazy Yiuf (D:2)
  2 iguanas
  Ijyb (D:3)
  3 orc wizards
  Robin (D:3)
  2 gnolls (D:5)
  8 adders
  A shadow imp (D:5)
  2 dart slugs
  2 ribbon worms (D:3)
  8 orcs
  6 endoplasms
  6 giant cockroaches
  23 goblins
  8 hobgoblins
  6 jackals
  A quokka (D:1)
  7 ball pythons
  3 bats
  2 frilled lizards
  7 kobolds
  5 rats
109 creatures vanquished.

Notes
Turn   | Place    | Note
-------+----------+-------------------------------------------
     0 | D:1      | Cheops the Octopode Shapeshifter began the quest for the
                  | Orb.
     0 | D:1      | Reached XP level 1. HP: 13/13 MP: 1/1
   217 | D:1      | Reached XP level 2. HP: 16/18 MP: 2/2
   301 | D:1      | Found a faded altar of an unknown god.
   612 | D:1      | Reached XP level 3. HP: 11/23 MP: 3/3
   867 | D:2      | Reached XP level 4. HP: 7/28 MP: 4/4
  1404 | D:2      | Found a runed translucent door.
  1405 | D:2      | Noticed Crazy Yiuf
  1412 | D:2      | Killed Crazy Yiuf
  1413 | D:2      | Reached skill level 5 in Unarmed Combat
  1613 | D:3      | Found a shimmering blue altar of Sif Muna.
  1618 | D:3      | Found a glowing golden altar of the Shining One.
  1618 | D:3      | Found a stormy altar of Qazlal.
  1622 | D:3      | Found a hazy altar of Hepliaklqana.
  1745 | D:3      | Reached XP level 5. HP: 33/33 MP: 5/5
  1750 | D:3      | Noticed Robin
  1768 | D:3      | Killed Robin
  1774 | D:3      | Noticed a black bear
  1790 | D:3      | Killed a black bear
  1791 | D:3      | Reached skill level 4 in Shapeshifting
  1791 | D:3      | Reached XP level 6. HP: 7/38 MP: 6/6
  2186 | D:3      | Found a glowing silver altar of Zin.
  2392 | D:3      | Reached skill level 5 in Shapeshifting
  2422 | D:3      | Noticed Ijyb
  2437 | D:3      | Killed Ijyb
  3145 | D:4      | Reached skill level 6 in Shapeshifting
  3146 | D:4      | Reached XP level 7. HP: 15/43 MP: 7/7
  3764 | D:5      | Entered Level 5 of the Dungeon
  4160 | D:5      | Reached skill level 7 in Shapeshifting
  4273 | D:5      | Slain by a gnoll

Illustrated notes

Levels and vault maps discovered:
D:1:      scummos_arrival_checkerplants, layout_loops_ring, serial_forest,
          infiniplex_forest_straight_2, infiniplex_forest_clump_double,
          infiniplex_forest_end_1, infiniplex_forest_lined_2,
          hellmonk_ecumenical_altar_heavens_door, hangedman_feature_mirror
D:2:      layout_rooms, uniq_crazy_yiuf_cottage
D:3:      kennysheep_goblin_castle, layout_loops_corners,
          nicolae_overflow_crystal_walls, minitemple, uniq_robin
D:4:      layout_basic
D:5:      layout_loops_corners, overflow_temple_1_default, serial_shops, shop,
          small_statue_intersection, nrook_mini_vaults

Skill      XL: |  1  2  3  4  5  6  7 |
---------------+----------------------+-----
Unarmed Combat | 4 5 |  5.0
Shapeshifting  | 4 6 7 |  7.1
Fighting       | |  1.0
Dodging        | |  2.0

Action                     |  1- 3 |  4- 6 |  7- 9 || total
---------------------------+-------+-------+-------++-------
  Melee: Unarmed           |    61 |   133 |    60 ||   254
         Constrict         |    16 |    33 |    13 ||    62
         Tentacles         |    11 |    28 |    14 ||    53
         Punch             |     2 |     3 |       ||     5
Ability: Begin Untransform |     1 |     2 |     1 ||     4
  Evoke: Wand              |       |     3 |     2 ||     5
    Use: Potion            |       |     1 |       ||     1
   Stab: Sleeping          |     6 |     6 |       ||    12
         Distracted        |       |     1 |       ||     1
 Armour: Skin              |    26 |    53 |    28 ||   107
  Dodge: Dodged            |    40 |    71 |    39 ||   150
   Form: Beast             |     1 |       |       ||     1
         Flux              |       |     2 |     1 ||     3
